 Dungeon Crawl Stone Soup version 0.28-a0-1234-g826d19b2e0 (webtiles) character file.

Game seed: 17835445645496090773

117 r3xj the Conjurer (level 4, -13/33 HPs)
             Began as a Draconian Conjurer on Dec 23, 2021.
             Killed by nerve-wracking pain
             ... invoked by Grinder
              (14 damage)
             ... on level 3 of the Dungeon.
             The game lasted 00:12:25 (2720 turns).

r3xj the Conjurer (Draconian Conjurer)              Turns: 2720, Time: 00:12:26

Health: -13/33     AC:  5    Str:  9    XL:     4   Next: 71%
Magic:  1/8        EV: 11    Int: 21    God:
Gold:   102        SH:  2    Dex:  9    Spells: 5/8 levels left

rFire   . . .      SeeInvis .   l - +0 dagger (venom)
rCold   . . .      Faith    .   k - +0 buckler
rNeg    . . .      Spirit   .   (armour unavailable)
rPois   .          Reflect  .   (helmet restricted)
rElec   .          Harm     .   (no cloak)
rCorr   .          Rampage  .   (no gloves)
Will    .....                   (no boots)
Stlth   ++........              (no amulet)
HPRegen 0.11/turn               (no ring)
MPRegen 0.11/turn               (no ring)

@: no status effects
A: AC +5, unfitting armour, cold-blooded
a: no special abilities


You were on level 3 of the Dungeon.
You visited 1 branch of the dungeon, and saw 4 of its levels.

You collected 102 gold pieces.

Inventory:

Hand Weapons
 l - a +0 dagger of venom (weapon)
 m - a +0 hunting sling
Missiles
 e - 21 poisoned darts
 n - 38 stones
Armour
 k - a +0 buckler (worn)
Scrolls
 a - a scroll of identify {unknown}
 b - a scroll of immolation {unknown}
 d - a scroll of magic mapping {unknown}
 f - a scroll of amnesia {unknown}
 h - a scroll of fog {unknown}
 i - a scroll of summoning {unknown}
 j - a scroll of vulnerability {unknown}
Potions
 c - a potion of curing {unknown}
 g - a potion of cancellation {unknown}


   Skills:
 + Level 2.6 Dodging
 + Level 2.8 Stealth
 + Level 2.8 Spellcasting
 + Level 4.6 Conjurations


You had 5 spell levels left.
You knew the following spells:

 Your Spells              Type           Power      Damage    Failure   Level
a - Magic Dart            Conj           88%        1d7       3%          1
b - Searing Ray           Conj           44%        2d6       4%          2

Your spell library contained the following spells:

 Spells                   Type           Power      Damage    Failure   Level
 Dazzling Flash           Conj/Hex       24%        N/A       26%         3
 Fulminant Prism          Conj/Hex       6%         3d7       65%         4
 Iskenderun's Mystic Bla  Conj/Tloc      12%        2d5       65%         4


Dungeon Overview and Level Annotations

Branches:
Dungeon (4/15)
 Temple: D:4-7

Altars:
Dithmenos
Zin

Shops:
D:2 !

Annotations:
D:3 Grinder


Innate Abilities, Weirdness & Mutations

Your plain brown scales are hard. (AC +5)
You cannot fit into any form of body armour.
You are cold-blooded and may be slowed by cold attacks.


Message History

(Press . to maintain the ray.) Grinder says, "FISH!"
Grinder hits you.
The searing ray hits Grinder.
Grinder is moderately wounded.
Grinder hits you but does no damage.
The searing ray hits Grinder!
Grinder is heavily wounded.
Grinder barely misses you.
The searing ray hits Grinder!
Grinder is heavily wounded.
You finish channelling your searing ray.
Grinder hits you but does no damage.
Grinder blinks!
The magic dart hits Grinder but does no damage.
Grinder is heavily wounded.
The magic dart hits Grinder.
Grinder is severely wounded.
You are too depleted to draw on your mana recklessly!
Grinder gestures at you. Pain shoots through your body!
The magic dart hits Grinder but does no damage.
Grinder is severely wounded.
Grinder gestures at you. Pain shoots through your body!
* * * LOW HITPOINT WARNING * * *
There is a stone staircase leading down here.
You climb downwards.
Found 11 gold pieces.
Found a stone staircase leading down and a stone staircase leading up.
There is a stone staircase leading up here.
You climb upwards.
Level annotation: Grinder
There is a stone staircase leading down here.
Grinder gestures at you. Pain shoots through your body!
* * * LOW HITPOINT WARNING * * *
Grinder gestures at you. Pain shoots through your body!
You die...

#.###......#####
..........'...# .?.
#####......###.# ..#
...........# #.# ..#
########...# #.# ..####
#...# #.# ..... # #...#
#.# ...# ## #...#
#.#######...# .## #...#
#..@..>.5...# §§###
##...############......
§...###...........
##.##
..................
§§................
§§#......)<.......
§##...............
###.......(.......
###..........(....


You could see Grinder.

Vanquished Creatures
  Robin (D:3)
  2 adders (D:2)
  3 gnolls
  2 worms (D:2)
  4 dart slugs
  3 ball pythons
  3 endoplasms
  2 giant cockroaches
  7 goblins
  4 hobgoblins
  3 quokkas
  7 bats
  2 frilled lizards (D:1)
  A kobold (D:2)
  3 rats (D:2)
47 creatures vanquished.

Notes
Turn   | Place    | Note
-------+----------+-------------------------------------------
     0 | D:1      | r3xj the Draconian Conjurer began the quest for the Orb.
     0 | D:1      | Reached XP level 1. HP: 14/14 MP: 3/3
   229 | D:1      | Reached XP level 2. HP: 20/20 MP: 0/5
   330 | D:1      | Found a faded altar of an unknown god.
   737 | D:2      | Reached XP level 3. HP: 26/26 MP: 0/6
  1209 | D:2      | Learned a level 2 spell: Searing Ray
  1512 | D:2      | Found Ceoloul's Distillery.
  1557 | D:2      | Reached XP level 4. HP: 33/33 MP: 5/7
  1613 | D:2      | Found a glowing silver altar of Zin.
  2452 | D:3      | Found a shadowy altar of Dithmenos.
  2468 | D:3      | Noticed Robin
  2579 | D:3      | Killed Robin
  2699 | D:3      | Noticed Grinder
  2719 | D:3      | HP: 1/33 [Grinder/nerve-wracking pain (7)]
  2720 | D:3      | Killed from afar by Grinder

Illustrated notes

Levels and vault maps discovered:
D:1:      dpeg_arrival_pits, layout_rooms, chequers_ecumenical_altar_island,
          minmay_crystal_room, minivault_11
D:2:      layout_basic, basic_altar, serial_shops, nicolae_shop_crystal
D:3:      layout_basic, nicolae_dithmenos_the_darkroom, corexii_hall_statues_l,
          uniq_crazy_yiuf_cottage, uniq_robin, uniq_grinder
D:4:      layout_basic, kennysheep_ying_yang, hangedman_decor_growths

Skill      XL: |  1 |
---------------+----+-----
Stealth        | 2 |  2.8
Dodging        | 2 |  2.6
Spellcasting   | |  2.8
Conjurations   | |  4.6

Action                   |  1- 3 |  4- 6 || total
-------------------------+-------+-------++-------
Melee: Unarmed           |    25 |       ||    25
       Dagger            |       |     6 ||     6
       Tailslap          |       |     1 ||     1
 Cast: Magic Dart        |    53 |    40 ||    93
       Searing Ray       |     2 |     2 ||     4
Armor: Skin              |    15 |    13 ||    28
Dodge: Dodged            |    54 |    21 ||    75
Block: Buckler           |       |     1 ||     1

Table legend: (Time is in decaauts)
 A = Elapsed time spent in this place.
 B = Non-inter-level travel time spent in this place.
 C = Inter-level travel time spent in this place.
 D = Time resting spent in this place.
 E = Time spent auto-exploring this place.
 F = Levels seen in this place.
 G = Mean time per level.
                   A        B        C        D        E       F      G
               +--------+--------+--------+--------+--------+-----+--------+
         Total |   2728 |   2557 |    171 |    161 |   2032 |   4 |  682.0 |
       Dungeon |   2728 |   2557 |    171 |    161 |   2032 |   4 |  682.0 |
               +--------+--------+--------+--------+--------+-----+--------+

Top non-repeatable levels by time:
     D:2: 1564 daAuts
     D:1: 967 daAuts
     D:3: 194 daAuts
     D:4: 1 daAuts
